 Dungeon Crawl Stone Soup version 0.28-a0-2-g643f2454ad (webtiles) character file.

Game seed: 14243869484953660449

165 funkygono the Firebug (level 5, -6/28 HPs)
             Began as a Gargoyle Fire Elementalist on July 23, 2021.
             Killed from afar by an orc wizard (8 damage)
             ... with a magic dart
             ... on level 3 of the Dungeon.
             The game lasted 00:05:57 (2671 turns).

funkygono the Firebug (Gargoyle Fire Elementalist)  Turns: 2671, Time: 00:05:58

Health: -6/28      AC:  6    Str: 11    XL:     5   Next: 46%
Magic:  1/9        EV: 12    Int: 17    God:
Gold:   102        SH:  0    Dex: 10    Spells: 2/10 levels left

rFire   + . .      SeeInvis .   b - +1 mace
rCold   + . .      Faith    .   (no shield)
rNeg    + . .      Spirit   .   h - +0 robe {rC+ rF+}
rPois   ∞          Reflect  .   (no helmet)
rElec   +          Harm     .   (no cloak)
rCorr   .          Rampage  .   (no gloves)
Will    .....                   (no boots)
Stlth   +.........              (no amulet)
HPRegen 0.09/turn               (no ring)
MPRegen 0.11/turn               (no ring)

@: confused, mighty, very slightly contaminated, invisible
A: sickness immunity, AC +4, negative energy resistance 1, electricity
resistance, torment resistance 1, petrification resistance
a: no special abilities


You were on level 3 of the Dungeon.
You visited 1 branch of the dungeon, and saw 3 of its levels.

You collected 102 gold pieces.

Inventory:

Hand Weapons
 b - a +1 mace (weapon)
Missiles
 d - 91 stones
Armour
 a - a +0 robe
 h - a +0 robe of resistance (worn)
 i - a +0 leather armour
Scrolls
 k - a scroll of magic mapping
Potions
 c - a potion of curing {unknown}
 f - 2 potions of cancellation
 j - a potion of mutation {unknown}
 l - a potion of magic {unknown}
 m - a potion of flight {unknown}
 q - a potion of heal wounds {unknown}


   Skills:
 + Level 0.1 Fighting
 + Level 0.4 Maces & Flails
 + Level 1.8 Dodging
 - Level 2.1 Stealth
 * Level 3.1 Spellcasting
 * Level 2.8 Conjurations
 * Level 4.4 Fire Magic


You had 2 spell levels left.
You knew the following spells:

 Your Spells              Type           Power      Damage    Failure   Level
a - Foxfire               Conj/Fire      56%        2x1d6     4%          1
b - Conjure Flame         Conj/Fire      14%        6-21      12%         3
c - Sticky Flame          Conj/Fire      14%        2d4       36%         4

Your spell library contained the following spells:

 Spells                   Type           Power      Damage    Failure   Level
 Inner Flame              Hex/Fire       10%        N/A       21%         3
 Fireball                 Conj/Fire      7%         3d5       73%         5


Dungeon Overview and Level Annotations

Branches:
Dungeon (3/15)

Altars:

Shops:
D:1 =


Innate Abilities, Weirdness & Mutations

You are immune to sickness and miasma.
Your stone body is resilient. (AC +4)
You are immune to poison.
You resist negative energy. (rN+)
You are resistant to electric shocks. (rElec)
You are resistant to unholy torment.
You are immune to petrification.


Message History

The orc priest hits you but does no damage.
The orc wizard hits you but does no damage.
Unknown command.
You closely miss the orc priest.
The orc priest is almost dead.
The orc priest hits you but does no damage.
The orc wizard hits you but does no damage.
The orc priest calls down the wrath of Beogh upon you.
You barely resist. The orc wizard casts a spell at you.
The magic dart hits you.
* * * LOW HITPOINT WARNING * * *
You barely miss the orc priest.
The orc priest is almost dead.
The orc priest hits you with a +0 dagger.
* * * LOW HITPOINT WARNING * * *
The orc wizard hits you with a +0 dagger.
* * * LOW HITPOINT WARNING * * *
Unknown command.
You fade into invisibility!
The orc priest hits you but does no damage.
The orc wizard points at you and mumbles some strange words.
You are confused.
You are very lightly contaminated with residual magic.
Unknown command.
It was a potion of might.
You feel very mighty all of a sudden.
The orc priest hits you with a +0 dagger.
* * * LOW HITPOINT WARNING * * *
The orc wizard barely misses you.
The orc wizard points at the orc priest and mumbles some strange words.
The puff of flame hits the orc priest!
The orc priest dies!
The orc wizard hits you but does no damage.
There is a stone staircase leading up here.
Things that are here:
a +0 dagger; a +0 ring mail The orc wizard casts a spell at you.
The magic dart hits you!
You die...

######### ##'######## #
#.#### # ########....#
# #.o..o......########
#.#########.##......
#.##......####......
####'##.##.....#.......
#...o...##.#..##.......
#.....@.......##....)..
#.............##.......
#.............)........
#......##.#######......
#......##..........####
#...............####
#.......#.....#....
#.......#.....# #.
#...... #.....#


You could see an orc wizard.

Vanquished Creatures
  Jessica (D:3)
  Terence (D:3)
  2 adders (D:2)
  A dart slug (D:1)
  3 orcs (D:3)
  3 ball pythons
  2 bats
  6 endoplasms
  A giant cockroach (D:1)
  6 goblins
  6 hobgoblins
  10 jackals (D:1)
  3 kobolds
  6 quokkas
  3 frilled lizards
  2 rats
56 creatures vanquished.

Vanquished Creatures (others)
  An orc priest (D:3)
  212 foxfires
213 creatures vanquished.

Grand Total: 269 creatures vanquished

Notes
Turn   | Place    | Note
-------+----------+-------------------------------------------
     0 | D:1      | funkygono the Gargoyle Fire Elementalist began the quest
                  | for the Orb.
     0 | D:1      | Reached XP level 1. HP: 10/10 MP: 3/3
   168 | D:1      | Reached XP level 2. HP: 13/15 MP: 0/5
   459 | D:1      | Reached XP level 3. HP: 19/19 MP: 2/6
   465 | D:1      | Learned a level 3 spell: Conjure Flame
   648 | D:1      | Found a faded altar of an unknown god.
   927 | D:1      | Found Aniheupn's Jewellery Boutique.
  1522 | D:2      | Reached skill level 4 in Fire Magic
  1522 | D:2      | Reached XP level 4. HP: 24/24 MP: 4/7
  1561 | D:2      | Learned a level 4 spell: Sticky Flame
  2271 | D:3      | Noticed Terence
  2279 | D:3      | Killed Terence
  2352 | D:3      | Noticed Jessica
  2359 | D:3      | Killed Jessica
  2360 | D:3      | Reached XP level 5. HP: 28/28 MP: 3/9
  2671 | D:3      | Killed from afar by an orc wizard

Illustrated notes

Levels and vault maps discovered:
D:1:      dpeg_arrival_boxes_within_box, layout_basic, serial_shops, shop,
          dreamdust_ecumenical_altar_angels_and_demons
D:2:      layout_basic, minmay_3d_cube
D:3:      layout_basic, mainiacjoe_overflow_24_doors, gammafunk_ghost_cemetery,
          uniq_terence, uniq_jessica

Skill      XL: |  1  2  3  4  5 |
---------------+----------------+-----
Fire Magic     | 4 |  4.4
Conjurations   | 2 |  2.8
Spellcasting   | 3 |  3.1
Fighting       | |  0.1
Maces & Flails | |  0.4
Dodging        | |  1.8
Stealth        | |  2.1

Action                   |  1- 3 |  4- 6 || total
-------------------------+-------+-------++-------
Melee: Mace              |    20 |     6 ||    26
 Cast: Foxfire           |    62 |    61 ||   123
  Use: Scroll            |     1 |     8 ||     9
       Potion            |       |     2 ||     2
Armor: Robe              |     6 |    12 ||    18
Dodge: Dodged            |    27 |    10 ||    37

Table legend: (Time is in decaauts)
 A = Elapsed time spent in this place.
 B = Non-inter-level travel time spent in this place.
 C = Inter-level travel time spent in this place.
 D = Time resting spent in this place.
 E = Time spent auto-exploring this place.
 F = Levels seen in this place.
 G = Mean time per level.
                   A        B        C        D        E       F      G
               +--------+--------+--------+--------+--------+-----+--------+
         Total |   2681 |   2598 |     83 |    189 |   1913 |   3 |  893.7 |
       Dungeon |   2681 |   2598 |     83 |    189 |   1913 |   3 |  893.7 |
               +--------+--------+--------+--------+--------+-----+--------+

Top non-repeatable levels by time:
     D:1: 1262 daAuts
     D:2: 1013 daAuts
     D:3: 405 daAuts
